[ PARTIDA AOE2 · #460582887 ]
Team RMCumanos vs Ethiopians
[ ANÁLISIS DE REPETICIÓN · EXTRAÍDO DE LA PARTIDA GRABADA ]
Feudal
11:17
Castillos
—
Imperial
—
| APM promedio | 13.5 |
| APM pico | 37 |
| eAPM promedio | 7.9 |
| Aldeanos / militares | 67 / 14 |
Foco
⚔️ 19.0% · 🌾 81.0%
Spearman ×14
Feudal
12:07
Castillos
21:48
Imperial
—
| APM promedio | 18.2 |
| APM pico | 42 |
| eAPM promedio | 7.7 |
| Aldeanos / militares | 38 / 15 |
Foco
⚔️ 26.5% · 🌾 73.5%
Scout Cavalry ×8 · Spearman ×7
Feudal
12:27
Castillos
23:01
Imperial
—
| APM promedio | 17.0 |
| APM pico | 49 |
| eAPM promedio | 9.6 |
| Aldeanos / militares | 56 / 13 |
Foco
⚔️ 32.0% · 🌾 68.0%
Knight ×7 · Scout Cavalry ×4 · Spearman ×2
Feudal
14:31
Castillos
20:37
Imperial
—
| APM promedio | 14.8 |
| APM pico | 40 |
| eAPM promedio | 8.2 |
| Aldeanos / militares | 52 / 1 |
Foco
⚔️ 4.0% · 🌾 96.0%
Monk ×1
Feudal
12:10
Castillos
21:14
Imperial
—
| APM promedio | 10.4 |
| APM pico | 35 |
| eAPM promedio | 5.1 |
| Aldeanos / militares | 41 / 0 |
Foco
⚔️ 5.0% · 🌾 95.0%
Feudal
13:30
Castillos
24:48
Imperial
—
| APM promedio | 23.6 |
| APM pico | 52 |
| eAPM promedio | 7.9 |
| Aldeanos / militares | 46 / 9 |
Foco
⚔️ 11.5% · 🌾 88.5%
Spearman ×4 · Militia ×3 · Eagle Scout ×2
Feudal
11:33
Castillos
—
Imperial
—
| APM promedio | 8.6 |
| APM pico | 23 |
| eAPM promedio | 6.1 |
| Aldeanos / militares | 31 / 0 |
Foco
⚔️ 7.8% · 🌾 92.2%
Feudal
9:44
Castillos
20:41
Imperial
—
| APM promedio | 44.8 |
| APM pico | 74 |
| eAPM promedio | 13.5 |
| Aldeanos / militares | 67 / 16 |
Foco
⚔️ 21.1% · 🌾 78.9%
Archer ×13 · Spearman ×3
Mapa de la partida
Recursos iniciales + cada clic de construcción. Líneas = muros · curvas = relieve. ◆ oro · ⬟ piedra · ● bayas · ✦ reliquia · ◌ hueco del cierre
Tu base· Abierta — flanco sin cerrar
Base de photphet· Abierta — flanco sin cerrar
Base de xX DTI Xx pasa· Abierta — flanco sin cerrar
Base de 江苏皇帝· Abierta — flanco sin cerrar
Base de 仰天长啸· Abierta — flanco sin cerrar
Base de CanoDancer22· Abierta — flanco sin cerrar
Base de 小武· Abierta — flanco sin cerrar
Base de cyborg· Abierta — flanco sin cerrar
Terreno inicial suavizado · ◌ = hueco del cierre detectado · pasá el cursor para detalles
Inputs por minuto
— cas5530 - - photphet
Build order — cas5530
Primeras 150 de 153 acciones detectadas
| 0:01 | Crear | Villager (Male) |
| 0:02 | Investigar | Loom |
| 0:02 | Crear | Villager (Male) |
| 0:02 | Crear | Villager (Male) |
| 0:03 | Crear | Villager (Male) |
| 0:05 | Construir | House |
| 0:28 | Construir | House |
| 0:30 | Construir | House |
| 1:44 | Crear | Villager (Male) |
| 2:31 | Crear | Villager (Male) |
| 2:45 | Crear | Villager (Male) |
| 3:15 | Crear | Villager (Male) |
| 3:20 | Construir | Mill |
| 3:46 | Crear | Villager (Male) |
| 4:09 | Crear | Villager (Male) |
| 4:19 | Crear | Villager (Male) |
| 4:49 | Crear | Villager (Male) |
| 5:04 | Crear | Villager (Male) |
| 5:17 | Crear | Villager (Male) |
| 5:35 | Crear | Villager (Male) |
| 5:53 | Crear | Villager (Male) |
| 6:51 | Crear | Villager (Male) |
| 7:11 | Construir | House |
| 7:13 | Construir | House |
| 7:15 | Construir | House |
| 7:17 | Construir | House |
| 7:20 | Construir | House |
| 8:13 | Crear | Villager (Male) |
| 8:33 | Construir | Lumber Camp |
| 8:40 | Crear | Villager (Male) |
| 8:43 | Crear | Villager (Male) |
| 9:05 | Investigar | Feudal Age |
| 9:08 | Crear | Villager (Male) |
| 9:08 | Crear | Villager (Male) |
| 9:09 | Crear | Villager (Male) |
| 11:17 | Edad | Edad Feudal |
| 11:23 | Construir | Town Center |
| 11:33 | Crear | Villager (Male) |
| 11:39 | Investigar | Wheelbarrow |
| 11:41 | Crear | Villager (Male) |
| 13:00 | Crear | Villager (Male) |
| 13:17 | Crear | Villager (Male) |
| 13:17 | Crear | Villager (Male) |
| 13:18 | Crear | Villager (Male) |
| 14:09 | Construir | Farm |
| 14:10 | Construir | Farm |
| 14:15 | Construir | Farm |
| 14:17 | Construir | Farm |
| 14:21 | Construir | Farm |
| 14:22 | Construir | Farm |
| 14:25 | Construir | Farm |
| 14:29 | Crear | Villager (Male) |
| 14:31 | Crear | Villager (Male) |
| 14:32 | Crear | Villager (Male) |
| 15:12 | Construir | Farm |
| 15:16 | Construir | Farm |
| 15:22 | Construir | Farm |
| 15:29 | Construir | House |
| 15:43 | Crear | Villager (Male) |
| 15:46 | Crear | Villager (Male) |
| 16:08 | Crear | Villager (Male) |
| 16:14 | Crear | Villager (Male) |
| 16:18 | Construir | House |
| 16:28 | Construir | Farm |
| 16:31 | Construir | Farm |
| 16:33 | Construir | Farm |
| 16:34 | Construir | Farm |
| 16:36 | Construir | Farm |
| 16:56 | Crear | Villager (Male) |
| 16:56 | Crear | Villager (Male) |
| 17:21 | Crear | Villager (Male) |
| 17:23 | Crear | Villager (Male) |
| 17:29 | Construir | Barracks |
| 18:34 | Crear | Spearman |
| 18:34 | Crear | Spearman |
| 18:34 | Crear | Spearman |
| 18:35 | Crear | Spearman |
| 18:35 | Crear | Spearman |
| 18:35 | Crear | Spearman |
| 18:35 | Crear | Spearman |
| 18:36 | Crear | Spearman |
| 19:02 | Construir | Palisade Wall |
| 19:18 | Construir | Mining Camp |
| 19:29 | Crear | Villager (Male) |
| 19:30 | Crear | Villager (Male) |
| 20:01 | Crear | Villager (Male) |
| 20:03 | Crear | Villager (Male) |
| 20:14 | Construir | Palisade Wall |
| 20:34 | Construir | Palisade Wall |
| 20:36 | Crear | Villager (Male) |
| 20:39 | Crear | Villager (Male) |
| 21:08 | Crear | Villager (Male) |
| 21:11 | Crear | Villager (Male) |
| 21:13 | Crear | Spearman |
| 21:35 | Construir | Palisade Wall |
| 21:44 | Construir | Palisade Wall |
| 21:56 | Construir | Palisade Wall |
| 22:04 | Construir | Farm |
| 22:10 | Construir | Farm |
| 22:14 | Construir | Farm |
| 22:16 | Crear | Villager (Male) |
| 22:17 | Crear | Villager (Male) |
| 22:19 | Crear | Villager (Male) |
| 22:19 | Crear | Villager (Male) |
| 22:32 | Crear | Villager (Male) |
| 22:33 | Crear | Spearman |
| 22:34 | Crear | Spearman |
| 22:50 | Construir | House |
| 22:53 | Construir | House |
| 23:08 | Construir | Farm |
| 23:11 | Construir | Farm |
| 23:12 | Construir | Farm |
| 23:14 | Construir | Farm |
| 23:16 | Construir | Farm |
| 23:18 | Construir | Farm |
| 23:20 | Crear | Villager (Male) |
| 23:23 | Crear | Villager (Male) |
| 23:34 | Construir | House |
| 23:36 | Construir | House |
| 23:43 | Construir | House |
| 23:47 | Construir | House |
| 23:51 | Construir | House |
| 23:53 | Construir | House |
| 23:58 | Construir | House |
| 24:02 | Construir | House |
| 24:03 | Construir | House |
| 24:04 | Construir | House |
| 24:05 | Construir | House |
| 24:08 | Construir | House |
| 24:11 | Crear | Villager (Male) |
| 24:13 | Crear | Villager (Male) |
| 24:23 | Investigar | Double-Bit Axe |
| 24:25 | Investigar | Horse Collar |
| 24:31 | Investigar | Gold Mining |
| 24:31 | Investigar | Stone Mining |
| 24:55 | Crear | Spearman |
| 24:59 | Crear | Villager (Male) |
| 25:01 | Crear | Villager (Male) |
| 25:19 | Crear | Villager (Male) |
| 25:22 | Crear | Villager (Male) |
| 25:32 | Construir | Blacksmith |
| 25:35 | Construir | Market |
| 25:39 | Crear | Villager (Male) |
| 25:42 | Crear | Villager (Male) |
| 25:44 | Crear | Spearman |
| 25:52 | Crear | Spearman |
| 26:09 | Construir | House |
| 26:10 | Construir | House |
| 26:11 | Construir | House |
| 26:23 | Crear | Villager (Male) |
Build order — photphet
96 acciones detectadas en el replay
| 0:04 | Crear | Villager (Male) |
| 0:04 | Crear | Villager (Male) |
| 0:04 | Crear | Villager (Male) |
| 0:04 | Crear | Villager (Male) |
| 0:07 | Construir | House |
| 0:11 | Construir | House |
| 1:36 | Crear | Villager (Male) |
| 1:36 | Crear | Villager (Male) |
| 2:50 | Crear | Villager (Male) |
| 2:51 | Crear | Villager (Male) |
| 2:51 | Crear | Villager (Male) |
| 2:57 | Construir | Lumber Camp |
| 3:25 | Crear | Villager (Male) |
| 3:25 | Crear | Villager (Male) |
| 3:25 | Crear | Villager (Male) |
| 4:05 | Construir | House |
| 4:08 | Crear | Villager (Male) |
| 4:08 | Crear | Villager (Male) |
| 5:17 | Crear | Villager (Male) |
| 5:17 | Crear | Villager (Male) |
| 6:04 | Construir | Mill |
| 6:24 | Crear | Villager (Male) |
| 6:24 | Crear | Villager (Male) |
| 6:25 | Crear | Villager (Male) |
| 6:46 | Crear | Villager (Male) |
| 6:58 | Construir | Farm |
| 7:24 | Construir | House |
| 7:46 | Crear | Villager (Male) |
| 8:17 | Crear | Villager (Male) |
| 8:34 | Crear | Villager (Male) |
| 8:49 | Crear | Villager (Male) |
| 9:08 | Crear | Villager (Male) |
| 9:15 | Construir | House |
| 9:24 | Construir | Farm |
| 9:31 | Construir | Farm |
| 9:38 | Crear | Villager (Male) |
| 9:49 | Construir | Farm |
| 10:49 | Investigar | Feudal Age |
| 11:02 | Construir | Barracks |
| 11:33 | Construir | Farm |
| 11:35 | Construir | Farm |
| 11:48 | Construir | Farm |
| 12:07 | Edad | Edad Feudal |
| 12:07 | Construir | House |
| 12:12 | Investigar | Loom |
| 12:19 | Construir | Stable |
| 12:29 | Investigar | Double-Bit Axe |
| 12:40 | Construir | Farm |
| 12:44 | Construir | House |
| 12:49 | Crear | Spearman |
| 12:50 | Crear | Spearman |
| 12:55 | Crear | Villager (Male) |
| 12:55 | Crear | Villager (Male) |
| 13:13 | Construir | Mining Camp |
| 13:20 | Construir | Farm |
| 13:36 | Crear | Villager (Male) |
| 13:39 | Crear | Scout Cavalry |
| 13:39 | Crear | Scout Cavalry |
| 13:50 | Crear | Villager (Male) |
| 14:02 | Construir | Farm |
| 14:18 | Crear | Villager (Male) |
| 14:26 | Construir | Blacksmith |
| 14:29 | Crear | Scout Cavalry |
| 14:29 | Crear | Scout Cavalry |
| 14:51 | Crear | Villager (Male) |
| 15:15 | Construir | House |
| 16:26 | Investigar | Scale Barding Armor |
| 16:41 | Construir | House |
| 16:43 | Crear | Villager (Male) |
| 16:43 | Crear | Villager (Male) |
| 17:30 | Crear | Scout Cavalry |
| 17:31 | Crear | Scout Cavalry |
| 17:31 | Crear | Scout Cavalry |
| 17:31 | Crear | Scout Cavalry |
| 17:34 | Crear | Villager (Male) |
| 17:34 | Crear | Villager (Male) |
| 18:59 | Crear | Villager (Male) |
| 19:31 | Construir | Farm |
| 19:31 | Construir | Farm |
| 19:31 | Construir | Farm |
| 19:33 | Construir | Farm |
| 19:34 | Construir | Farm |
| 20:12 | Investigar | Castle Age |
| 21:31 | Crear | Spearman |
| 21:31 | Crear | Spearman |
| 21:31 | Crear | Spearman |
| 21:31 | Crear | Spearman |
| 21:48 | Edad | Edad de los Castillos |
| 21:56 | Crear | Spearman |
| 22:15 | Investigar | Forging |
| 22:28 | Construir | Watch Tower |
| 23:24 | Construir | Lumber Camp |
| 24:04 | Construir | Lumber Camp |
| 25:03 | Crear | Villager (Male) |
| 25:20 | Construir | Market |
| 25:33 | Investigar | Bow Saw |
Build order — xX DTI Xx pasa
125 acciones detectadas en el replay
| 0:10 | Construir | House |
| 0:12 | Construir | House |
| 0:13 | Crear | Villager (Male) |
| 0:13 | Crear | Villager (Male) |
| 0:13 | Crear | Villager (Male) |
| 0:14 | Crear | Villager (Male) |
| 1:48 | Crear | Villager (Male) |
| 1:48 | Crear | Villager (Male) |
| 1:59 | Construir | Lumber Camp |
| 2:14 | Crear | Villager (Male) |
| 2:39 | Crear | Villager (Male) |
| 3:07 | Crear | Villager (Male) |
| 3:34 | Crear | Villager (Male) |
| 4:18 | Construir | House |
| 4:22 | Construir | House |
| 4:29 | Construir | Mill |
| 4:31 | Crear | Villager (Male) |
| 4:31 | Crear | Villager (Male) |
| 5:17 | Crear | Villager (Male) |
| 5:17 | Crear | Villager (Male) |
| 5:18 | Crear | Villager (Male) |
| 5:18 | Crear | Villager (Male) |
| 6:28 | Crear | Villager (Male) |
| 6:29 | Crear | Villager (Male) |
| 7:10 | Crear | Villager (Male) |
| 7:10 | Crear | Villager (Male) |
| 7:40 | Crear | Villager (Male) |
| 7:40 | Crear | Villager (Male) |
| 7:40 | Crear | Villager (Male) |
| 7:41 | Crear | Villager (Male) |
| 7:41 | Crear | Villager (Male) |
| 7:52 | Investigar | Loom |
| 8:47 | Construir | Mining Camp |
| 9:10 | Construir | Barracks |
| 9:16 | Construir | House |
| 9:17 | Construir | House |
| 9:39 | Investigar | Feudal Age |
| 10:22 | Crear | Villager (Male) |
| 10:22 | Crear | Villager (Male) |
| 10:22 | Crear | Villager (Male) |
| 10:31 | Construir | Farm |
| 10:33 | Construir | Farm |
| 10:35 | Construir | Farm |
| 10:36 | Construir | Farm |
| 10:38 | Construir | Farm |
| 10:40 | Construir | Farm |
| 10:49 | Construir | Farm |
| 11:17 | Construir | Farm |
| 11:30 | Crear | Villager (Male) |
| 11:30 | Crear | Villager (Male) |
| 11:30 | Crear | Villager (Male) |
| 12:27 | Edad | Edad Feudal |
| 12:30 | Construir | Stable |
| 12:36 | Crear | Villager (Male) |
| 12:36 | Crear | Villager (Male) |
| 12:37 | Crear | Villager (Male) |
| 12:37 | Crear | Villager (Male) |
| 12:37 | Crear | Villager (Male) |
| 12:38 | Crear | Villager (Male) |
| 12:57 | Construir | House |
| 12:59 | Construir | House |
| 13:02 | Construir | House |
| 13:05 | Construir | House |
| 13:44 | Construir | Lumber Camp |
| 14:09 | Investigar | Double-Bit Axe |
| 14:45 | Crear | Scout Cavalry |
| 14:45 | Crear | Scout Cavalry |
| 14:46 | Crear | Scout Cavalry |
| 14:46 | Crear | Scout Cavalry |
| 15:05 | Construir | Blacksmith |
| 15:34 | Construir | Farm |
| 15:38 | Construir | Farm |
| 15:43 | Construir | Farm |
| 15:48 | Investigar | Wheelbarrow |
| 15:52 | Investigar | Town Watch |
| 16:00 | Construir | Farm |
| 16:13 | Construir | Palisade Wall |
| 16:23 | Investigar | Scale Barding Armor |
| 16:41 | Construir | Farm |
| 16:50 | Construir | Farm |
| 17:46 | Investigar | Forging |
| 19:11 | Crear | Villager (Male) |
| 19:11 | Crear | Villager (Male) |
| 19:11 | Crear | Villager (Male) |
| 19:11 | Crear | Villager (Male) |
| 19:12 | Crear | Villager (Male) |
| 19:12 | Crear | Villager (Male) |
| 19:21 | Construir | Farm |
| 19:22 | Construir | Farm |
| 19:23 | Construir | Farm |
| 19:25 | Construir | Farm |
| 20:02 | Investigar | Gold Mining |
| 20:10 | Construir | Farm |
| 20:10 | Construir | Farm |
| 20:21 | Investigar | Castle Age |
| 22:46 | Construir | Stable |
| 22:47 | Construir | Stable |
| 23:01 | Edad | Edad de los Castillos |
| 23:24 | Crear | Knight |
| 23:25 | Crear | Knight |
| 23:25 | Crear | Knight |
| 23:25 | Crear | Knight |
| 23:30 | Crear | Knight |
| 23:31 | Crear | Knight |
| 23:33 | Investigar | Chain Barding Armor |
| 23:34 | Investigar | Iron Casting |
| 23:46 | Crear | Spearman |
| 23:46 | Crear | Spearman |
| 24:01 | Construir | Town Center |
| 24:19 | Construir | Town Center |
| 25:09 | Crear | Villager (Male) |
| 25:09 | Crear | Villager (Male) |
| 25:10 | Crear | Villager (Male) |
| 25:10 | Crear | Villager (Male) |
| 25:10 | Crear | Villager (Male) |
| 25:11 | Crear | Villager (Male) |
| 25:11 | Crear | Villager (Male) |
| 25:11 | Crear | Villager (Male) |
| 25:12 | Crear | Villager (Male) |
| 25:12 | Crear | Villager (Male) |
| 25:15 | Crear | Villager (Male) |
| 25:15 | Crear | Villager (Male) |
| 25:15 | Crear | Villager (Male) |
| 25:53 | Investigar | Husbandry |
| 25:54 | Crear | Knight |
Build order — 江苏皇帝
115 acciones detectadas en el replay
| 0:14 | Crear | Villager (Male) |
| 0:14 | Crear | Villager (Male) |
| 0:15 | Crear | Villager (Male) |
| 0:15 | Crear | Villager (Male) |
| 0:15 | Crear | Villager (Male) |
| 0:30 | Construir | House |
| 0:31 | Construir | House |
| 0:32 | Construir | House |
| 0:34 | Construir | House |
| 2:02 | Crear | Villager (Male) |
| 2:02 | Crear | Villager (Male) |
| 2:41 | Construir | House |
| 2:42 | Construir | House |
| 2:43 | Construir | House |
| 2:44 | Construir | House |
| 2:49 | Crear | Villager (Male) |
| 2:49 | Crear | Villager (Male) |
| 3:10 | Crear | Villager (Male) |
| 3:10 | Crear | Villager (Male) |
| 4:11 | Crear | Villager (Male) |
| 4:11 | Crear | Villager (Male) |
| 4:12 | Crear | Villager (Male) |
| 5:47 | Crear | Villager (Male) |
| 5:48 | Crear | Villager (Male) |
| 5:48 | Crear | Villager (Male) |
| 5:48 | Crear | Villager (Male) |
| 5:48 | Crear | Villager (Male) |
| 5:49 | Crear | Villager (Male) |
| 5:49 | Crear | Villager (Male) |
| 6:31 | Crear | Villager (Male) |
| 6:31 | Crear | Villager (Male) |
| 7:29 | Construir | Mill |
| 7:50 | Construir | Mill |
| 8:12 | Construir | Lumber Camp |
| 9:31 | Crear | Villager (Male) |
| 9:31 | Crear | Villager (Male) |
| 9:32 | Crear | Villager (Male) |
| 10:17 | Construir | Barracks |
| 10:38 | Construir | Farm |
| 10:39 | Construir | Farm |
| 10:58 | Crear | Villager (Male) |
| 10:58 | Crear | Villager (Male) |
| 11:13 | Construir | Farm |
| 11:21 | Construir | Farm |
| 11:30 | Construir | Farm |
| 11:39 | Construir | Farm |
| 11:43 | Crear | Villager (Male) |
| 11:49 | Construir | Farm |
| 12:01 | Construir | Farm |
| 12:19 | Construir | Farm |
| 12:21 | Investigar | Feudal Age |
| 13:59 | Construir | Mining Camp |
| 14:31 | Edad | Edad Feudal |
| 14:33 | Investigar | Wheelbarrow |
| 14:39 | Investigar | Double-Bit Axe |
| 14:52 | Construir | Barracks |
| 14:59 | Construir | Blacksmith |
| 15:21 | Construir | Market |
| 15:27 | Investigar | Horse Collar |
| 15:34 | Crear | Villager (Male) |
| 15:34 | Crear | Villager (Male) |
| 15:34 | Crear | Villager (Male) |
| 16:06 | Construir | Lumber Camp |
| 16:23 | Construir | Farm |
| 16:47 | Construir | Farm |
| 17:18 | Construir | Archery Range |
| 17:57 | Investigar | Castle Age |
| 18:25 | Construir | House |
| 18:26 | Construir | House |
| 18:28 | Construir | House |
| 18:29 | Construir | House |
| 19:00 | Construir | Palisade Wall |
| 19:25 | Construir | Mining Camp |
| 19:51 | Construir | Farm |
| 20:05 | Investigar | Stone Mining |
| 20:34 | Construir | Farm |
| 20:37 | Edad | Edad de los Castillos |
| 20:52 | Investigar | Hand Cart |
| 21:03 | Construir | Farm |
| 21:13 | Construir | Town Center |
| 21:44 | Construir | Farm |
| 21:48 | Crear | Villager (Male) |
| 21:48 | Crear | Villager (Male) |
| 21:49 | Crear | Villager (Male) |
| 21:49 | Crear | Villager (Male) |
| 21:49 | Crear | Villager (Male) |
| 21:49 | Crear | Villager (Male) |
| 21:50 | Crear | Villager (Male) |
| 21:50 | Crear | Villager (Male) |
| 22:37 | Construir | Farm |
| 22:51 | Construir | Farm |
| 23:02 | Construir | Farm |
| 23:39 | Crear | Villager (Male) |
| 23:39 | Crear | Villager (Male) |
| 23:39 | Crear | Villager (Male) |
| 24:06 | Crear | Villager (Male) |
| 24:06 | Crear | Villager (Male) |
| 24:06 | Crear | Villager (Male) |
| 24:07 | Crear | Villager (Male) |
| 24:07 | Crear | Villager (Male) |
| 24:16 | Crear | Villager (Male) |
| 24:16 | Crear | Villager (Male) |
| 24:20 | Crear | Villager (Male) |
| 24:20 | Crear | Villager (Male) |
| 24:29 | Construir | Monastery |
| 24:45 | Construir | Castle |
| 25:00 | Investigar | Bow Saw |
| 25:00 | Investigar | Bow Saw |
| 25:27 | Investigar | Gold Mining |
| 25:31 | Crear | Monk |
| 25:51 | Construir | Town Center |
| 26:11 | Investigar | Heavy Plow |
| 26:11 | Investigar | Heavy Plow |
| 26:15 | Investigar | Gold Shaft Mining |
| 26:15 | Investigar | Gold Shaft Mining |
Build order — 仰天长啸
81 acciones detectadas en el replay
| 0:11 | Construir | House |
| 0:13 | Construir | House |
| 0:17 | Construir | House |
| 0:20 | Crear | Villager (Male) |
| 0:20 | Crear | Villager (Male) |
| 0:20 | Crear | Villager (Male) |
| 0:20 | Crear | Villager (Male) |
| 0:21 | Crear | Villager (Male) |
| 0:21 | Crear | Villager (Male) |
| 1:55 | Crear | Villager (Male) |
| 1:55 | Crear | Villager (Male) |
| 2:45 | Construir | Lumber Camp |
| 3:48 | Crear | Villager (Male) |
| 3:48 | Crear | Villager (Male) |
| 3:49 | Crear | Villager (Male) |
| 3:49 | Crear | Villager (Male) |
| 4:32 | Crear | Villager (Male) |
| 5:13 | Construir | Mill |
| 6:46 | Crear | Villager (Male) |
| 6:48 | Crear | Villager (Male) |
| 6:49 | Crear | Villager (Male) |
| 7:40 | Construir | House |
| 9:18 | Investigar | Loom |
| 10:00 | Investigar | Feudal Age |
| 10:12 | Construir | Mill |
| 11:47 | Crear | Villager (Male) |
| 11:47 | Crear | Villager (Male) |
| 11:47 | Crear | Villager (Male) |
| 11:48 | Crear | Villager (Male) |
| 12:10 | Edad | Edad Feudal |
| 12:14 | Investigar | Wheelbarrow |
| 12:18 | Investigar | Double-Bit Axe |
| 12:42 | Construir | Farm |
| 12:50 | Crear | Villager (Male) |
| 12:51 | Crear | Villager (Male) |
| 12:51 | Crear | Villager (Male) |
| 12:51 | Crear | Villager (Male) |
| 13:05 | Construir | Farm |
| 13:47 | Construir | House |
| 13:48 | Construir | House |
| 14:11 | Crear | Villager (Male) |
| 14:36 | Crear | Villager (Male) |
| 14:36 | Crear | Villager (Male) |
| 14:45 | Construir | Farm |
| 15:02 | Construir | Market |
| 15:11 | Construir | Blacksmith |
| 15:17 | Construir | Farm |
| 15:32 | Construir | Mining Camp |
| 15:40 | Construir | Farm |
| 15:47 | Investigar | Horse Collar |
| 15:53 | Crear | Villager (Male) |
| 16:02 | Construir | Farm |
| 16:27 | Construir | Farm |
| 16:30 | Crear | Villager (Male) |
| 16:30 | Crear | Villager (Male) |
| 16:52 | Construir | Farm |
| 17:20 | Construir | Farm |
| 17:30 | Construir | Farm |
| 17:35 | Construir | Farm |
| 17:48 | Construir | Farm |
| 18:01 | Construir | Farm |
| 18:09 | Construir | Farm |
| 18:14 | Construir | Farm |
| 18:34 | Investigar | Castle Age |
| 19:18 | Construir | Mining Camp |
| 20:34 | Construir | Lumber Camp |
| 21:14 | Edad | Edad de los Castillos |
| 22:00 | Construir | Town Center |
| 23:44 | Construir | Town Center |
| 24:25 | Construir | Town Center |
| 24:42 | Crear | Villager (Male) |
| 24:42 | Crear | Villager (Male) |
| 24:42 | Crear | Villager (Male) |
| 24:43 | Crear | Villager (Male) |
| 24:43 | Crear | Villager (Male) |
| 24:44 | Crear | Villager (Male) |
| 25:08 | Crear | Villager (Male) |
| 25:08 | Crear | Villager (Male) |
| 25:09 | Crear | Villager (Male) |
| 25:09 | Crear | Villager (Male) |
| 25:11 | Crear | Villager (Male) |
Build order — CanoDancer22
118 acciones detectadas en el replay
| 0:04 | Construir | House |
| 0:07 | Construir | House |
| 0:38 | Crear | Villager (Male) |
| 0:39 | Crear | Villager (Male) |
| 0:39 | Crear | Villager (Male) |
| 0:39 | Crear | Villager (Male) |
| 0:39 | Crear | Villager (Male) |
| 1:54 | Crear | Villager (Male) |
| 2:26 | Crear | Villager (Male) |
| 2:37 | Crear | Villager (Male) |
| 2:37 | Crear | Villager (Male) |
| 3:07 | Construir | Lumber Camp |
| 3:25 | Crear | Villager (Male) |
| 3:25 | Crear | Villager (Male) |
| 3:25 | Crear | Villager (Male) |
| 4:14 | Crear | Villager (Male) |
| 4:14 | Crear | Villager (Male) |
| 4:21 | Construir | House |
| 5:01 | Crear | Villager (Male) |
| 5:27 | Construir | Mill |
| 5:51 | Investigar | Loom |
| 6:26 | Crear | Villager (Male) |
| 6:26 | Crear | Villager (Male) |
| 6:27 | Crear | Villager (Male) |
| 6:27 | Crear | Villager (Male) |
| 7:04 | Crear | Villager (Male) |
| 7:04 | Crear | Villager (Male) |
| 7:44 | Crear | Villager (Male) |
| 7:59 | Construir | House |
| 8:21 | Construir | Mining Camp |
| 9:00 | Crear | Villager (Male) |
| 9:01 | Crear | Villager (Male) |
| 9:20 | Construir | Farm |
| 9:24 | Construir | Farm |
| 9:30 | Construir | Lumber Camp |
| 9:40 | Crear | Villager (Male) |
| 9:40 | Crear | Villager (Male) |
| 9:50 | Construir | House |
| 10:17 | Construir | Farm |
| 10:48 | Investigar | Feudal Age |
| 10:53 | Construir | Farm |
| 11:39 | Construir | Barracks |
| 12:00 | Construir | Mining Camp |
| 12:50 | Construir | House |
| 12:57 | Crear | Militia |
| 12:58 | Crear | Militia |
| 12:58 | Crear | Militia |
| 13:17 | Construir | Farm |
| 13:19 | Construir | Farm |
| 13:30 | Edad | Edad Feudal |
| 13:36 | Construir | Barracks |
| 13:39 | Investigar | Wheelbarrow |
| 13:43 | Investigar | Horse Collar |
| 13:48 | Investigar | Double-Bit Axe |
| 14:06 | Crear | Eagle Scout |
| 14:08 | Crear | Eagle Scout |
| 14:27 | Investigar | Man-at-Arms (upgrade) |
| 14:33 | Construir | House |
| 14:57 | Crear | Villager (Male) |
| 15:19 | Construir | House |
| 15:21 | Crear | Villager (Male) |
| 15:21 | Crear | Villager (Male) |
| 15:35 | Crear | Villager (Male) |
| 15:35 | Crear | Villager (Male) |
| 15:36 | Crear | Villager (Male) |
| 16:13 | Construir | Blacksmith |
| 16:19 | Construir | Market |
| 16:23 | Construir | House |
| 16:30 | Crear | Villager (Male) |
| 16:31 | Crear | Villager (Male) |
| 16:35 | Construir | Farm |
| 16:39 | Construir | Farm |
| 17:04 | Crear | Villager (Male) |
| 17:04 | Crear | Villager (Male) |
| 17:10 | Construir | Farm |
| 17:14 | Construir | Farm |
| 17:23 | Construir | Farm |
| 17:42 | Construir | Mill |
| 17:51 | Crear | Villager (Male) |
| 17:57 | Investigar | Forging |
| 18:48 | Investigar | Scale Mail Armor |
| 18:52 | Investigar | Gold Mining |
| 18:59 | Crear | Villager (Male) |
| 19:00 | Crear | Villager (Male) |
| 19:00 | Crear | Villager (Male) |
| 19:00 | Crear | Villager (Male) |
| 19:07 | Construir | Farm |
| 19:09 | Construir | Farm |
| 19:14 | Construir | Farm |
| 19:28 | Construir | Farm |
| 19:30 | Construir | Farm |
| 19:33 | Construir | Farm |
| 19:35 | Construir | Farm |
| 19:44 | Construir | Farm |
| 19:53 | Construir | Archery Range |
| 20:56 | Construir | Farm |
| 20:58 | Construir | Farm |
| 21:00 | Construir | Farm |
| 21:27 | Construir | Archery Range |
| 21:32 | Investigar | Arson |
| 22:08 | Investigar | Castle Age |
| 22:12 | Investigar | Stone Mining |
| 23:34 | Crear | Spearman |
| 23:34 | Crear | Spearman |
| 23:35 | Crear | Spearman |
| 23:35 | Crear | Spearman |
| 23:41 | Construir | Barracks |
| 24:17 | Construir | Farm |
| 24:26 | Construir | Watch Tower |
| 24:48 | Edad | Edad de los Castillos |
| 24:53 | Investigar | Hand Cart |
| 25:00 | Construir | Town Center |
| 25:49 | Crear | Villager (Male) |
| 25:49 | Crear | Villager (Male) |
| 25:49 | Crear | Villager (Male) |
| 25:50 | Crear | Villager (Male) |
| 25:50 | Crear | Villager (Male) |
| 26:43 | Construir | Town Center |
Build order — 小武
57 acciones detectadas en el replay
| 0:03 | Construir | House |
| 0:05 | Construir | House |
| 0:07 | Crear | Villager (Male) |
| 0:08 | Crear | Villager (Male) |
| 0:08 | Crear | Villager (Male) |
| 0:09 | Crear | Villager (Male) |
| 1:42 | Crear | Villager (Male) |
| 2:32 | Crear | Villager (Male) |
| 2:32 | Crear | Villager (Male) |
| 2:32 | Crear | Villager (Male) |
| 3:28 | Crear | Villager (Male) |
| 3:28 | Crear | Villager (Male) |
| 3:28 | Crear | Villager (Male) |
| 4:00 | Crear | Villager (Male) |
| 5:18 | Crear | Villager (Male) |
| 5:18 | Crear | Villager (Male) |
| 5:18 | Crear | Villager (Male) |
| 5:19 | Crear | Villager (Male) |
| 5:26 | Construir | Lumber Camp |
| 5:37 | Construir | House |
| 5:40 | Construir | House |
| 5:47 | Construir | House |
| 5:58 | Construir | Mill |
| 8:08 | Crear | Villager (Male) |
| 8:08 | Crear | Villager (Male) |
| 8:08 | Crear | Villager (Male) |
| 9:11 | Investigar | Feudal Age |
| 9:11 | Investigar | Feudal Age |
| 9:11 | Investigar | Feudal Age |
| 10:14 | Construir | Mill |
| 11:07 | Construir | House |
| 11:08 | Construir | House |
| 11:10 | Construir | House |
| 11:33 | Edad | Edad Feudal |
| 11:38 | Construir | Blacksmith |
| 11:46 | Construir | Market |
| 12:21 | Investigar | Loom |
| 13:24 | Construir | Mining Camp |
| 13:50 | Construir | Watch Tower |
| 14:13 | Construir | House |
| 14:35 | Crear | Villager (Male) |
| 14:35 | Crear | Villager (Male) |
| 14:35 | Crear | Villager (Male) |
| 14:35 | Crear | Villager (Male) |
| 14:36 | Crear | Villager (Male) |
| 14:36 | Crear | Villager (Male) |
| 14:36 | Crear | Villager (Male) |
| 14:43 | Investigar | Double-Bit Axe |
| 15:07 | Construir | Barracks |
| 18:30 | Construir | Lumber Camp |
| 21:07 | Crear | Villager (Male) |
| 21:07 | Crear | Villager (Male) |
| 21:07 | Crear | Villager (Male) |
| 21:07 | Crear | Villager (Male) |
| 21:22 | Construir | Lumber Camp |
| 23:27 | Crear | Villager (Male) |
| 23:42 | Construir | Market |
Build order — cyborg
147 acciones detectadas en el replay
| 0:02 | Crear | Villager (Male) |
| 0:02 | Crear | Villager (Male) |
| 0:03 | Crear | Villager (Male) |
| 0:03 | Crear | Villager (Male) |
| 0:04 | Construir | House |
| 0:06 | Construir | House |
| 1:19 | Crear | Villager (Male) |
| 1:20 | Crear | Villager (Male) |
| 1:34 | Construir | Lumber Camp |
| 1:49 | Crear | Villager (Male) |
| 1:49 | Crear | Villager (Male) |
| 2:14 | Crear | Villager (Male) |
| 2:15 | Crear | Villager (Male) |
| 2:35 | Crear | Villager (Male) |
| 2:35 | Crear | Villager (Male) |
| 2:56 | Crear | Villager (Male) |
| 2:57 | Crear | Villager (Male) |
| 3:19 | Crear | Villager (Male) |
| 3:19 | Crear | Villager (Male) |
| 3:25 | Construir | House |
| 3:42 | Crear | Villager (Male) |
| 3:42 | Crear | Villager (Male) |
| 3:42 | Crear | Villager (Male) |
| 4:28 | Crear | Villager (Male) |
| 4:28 | Crear | Villager (Male) |
| 4:28 | Crear | Villager (Male) |
| 4:56 | Crear | Villager (Male) |
| 4:57 | Crear | Villager (Male) |
| 5:26 | Crear | Villager (Male) |
| 5:53 | Construir | Barracks |
| 5:55 | Construir | House |
| 5:58 | Crear | Villager (Male) |
| 6:26 | Crear | Villager (Male) |
| 6:28 | Crear | Villager (Male) |
| 6:28 | Investigar | Loom |
| 7:28 | Construir | Mill |
| 7:34 | Investigar | Feudal Age |
| 7:34 | Investigar | Feudal Age |
| 7:35 | Investigar | Feudal Age |
| 8:14 | Construir | Mining Camp |
| 8:59 | Crear | Villager (Male) |
| 9:44 | Edad | Edad Feudal |
| 9:46 | Construir | Archery Range |
| 9:47 | Investigar | Double-Bit Axe |
| 9:52 | Crear | Villager (Male) |
| 10:03 | Construir | Blacksmith |
| 10:07 | Crear | Villager (Male) |
| 10:31 | Crear | Archer |
| 10:31 | Crear | Archer |
| 10:56 | Construir | Mill |
| 11:01 | Crear | Villager (Male) |
| 11:08 | Construir | House |
| 11:13 | Construir | House |
| 11:16 | Construir | House |
| 11:27 | Investigar | Horse Collar |
| 11:37 | Crear | Archer |
| 11:40 | Crear | Archer |
| 11:47 | Crear | Villager (Male) |
| 11:48 | Crear | Villager (Male) |
| 11:58 | Construir | Farm |
| 12:13 | Crear | Villager (Male) |
| 12:30 | Crear | Villager (Male) |
| 12:58 | Crear | Villager (Male) |
| 13:02 | Crear | Archer |
| 13:02 | Crear | Archer |
| 13:02 | Crear | Archer |
| 13:14 | Construir | Farm |
| 13:23 | Crear | Villager (Male) |
| 13:35 | Construir | Farm |
| 13:54 | Construir | Farm |
| 13:56 | Construir | Farm |
| 13:57 | Construir | Farm |
| 14:03 | Crear | Villager (Male) |
| 14:27 | Investigar | Fletching |
| 14:40 | Crear | Villager (Male) |
| 14:42 | Crear | Villager (Male) |
| 14:42 | Crear | Villager (Male) |
| 14:50 | Construir | Farm |
| 15:06 | Crear | Villager (Male) |
| 15:20 | Construir | Farm |
| 15:29 | Crear | Villager (Male) |
| 15:34 | Construir | Farm |
| 16:07 | Construir | Farm |
| 16:18 | Crear | Villager (Male) |
| 16:30 | Construir | House |
| 16:31 | Construir | House |
| 16:34 | Construir | Farm |
| 17:03 | Crear | Villager (Male) |
| 17:28 | Construir | House |
| 17:34 | Construir | Lumber Camp |
| 17:43 | Construir | Farm |
| 18:01 | Investigar | Castle Age |
| 18:01 | Investigar | Castle Age |
| 18:26 | Construir | Lumber Camp |
| 18:46 | Investigar | Gold Mining |
| 18:52 | Construir | Archery Range |
| 19:22 | Crear | Archer |
| 19:22 | Crear | Archer |
| 19:23 | Crear | Archer |
| 19:23 | Crear | Archer |
| 20:26 | Crear | Archer |
| 20:27 | Crear | Archer |
| 20:41 | Edad | Edad de los Castillos |
| 20:45 | Investigar | Crossbowman (upgrade) |
| 20:53 | Construir | University |
| 21:07 | Construir | Town Center |
| 21:16 | Crear | Villager (Male) |
| 21:16 | Crear | Villager (Male) |
| 21:16 | Crear | Villager (Male) |
| 21:17 | Crear | Villager (Male) |
| 21:19 | Investigar | Heavy Plow |
| 21:42 | Crear | Villager (Male) |
| 21:42 | Crear | Villager (Male) |
| 21:57 | Construir | Mining Camp |
| 22:23 | Investigar | Bodkin Arrow |
| 22:38 | Construir | Town Center |
| 23:20 | Construir | Farm |
| 23:21 | Construir | Farm |
| 23:25 | Crear | Villager (Male) |
| 23:29 | Investigar | Ballistics |
| 23:33 | Construir | Farm |
| 23:39 | Crear | Villager (Male) |
| 23:40 | Crear | Villager (Male) |
| 23:42 | Crear | Villager (Male) |
| 23:43 | Crear | Villager (Male) |
| 23:49 | Construir | Farm |
| 24:02 | Crear | Villager (Male) |
| 24:02 | Crear | Villager (Male) |
| 24:36 | Crear | Villager (Male) |
| 24:36 | Crear | Villager (Male) |
| 24:36 | Crear | Villager (Male) |
| 24:42 | Construir | Farm |
| 24:43 | Construir | Farm |
| 24:46 | Construir | Farm |
| 24:50 | Crear | Villager (Male) |
| 24:51 | Crear | Villager (Male) |
| 25:07 | Construir | House |
| 25:07 | Construir | House |
| 25:07 | Construir | House |
| 25:08 | Construir | House |
| 25:08 | Construir | House |
| 25:55 | Crear | Spearman |
| 25:55 | Crear | Spearman |
| 25:55 | Crear | Spearman |
| 26:25 | Crear | Villager (Male) |
| 26:25 | Crear | Villager (Male) |
| 26:25 | Crear | Villager (Male) |
Cronología de la partida
| 5:53 | cyborg · first_building Barracks |
| 9:10 | xX DTI Xx pasa · first_building Barracks |
| 9:44 | cyborg · age_up feudal |
| 9:46 | cyborg · first_building Archery Range |
| 10:17 | 江苏皇帝 · first_building Barracks |
| 11:02 | photphet · first_building Barracks |
| 11:17 | cas5530 · age_up feudal |
| 11:33 | 小武 · age_up feudal |
| 11:39 | CanoDancer22 · first_building Barracks |
| 12:07 | photphet · age_up feudal |
| 12:10 | 仰天长啸 · age_up feudal |
| 12:19 | photphet · first_building Stable |
| 12:27 | xX DTI Xx pasa · age_up feudal |
| 12:30 | xX DTI Xx pasa · first_building Stable |
| 13:30 | CanoDancer22 · age_up feudal |
| 14:31 | 江苏皇帝 · age_up feudal |
| 15:07 | 小武 · first_building Barracks |
| 16:13 | xX DTI Xx pasa · wall_segment Palisade Wall x4 |
| 17:18 | 江苏皇帝 · first_building Archery Range |
| 17:29 | cas5530 · first_building Barracks |
| 18:30 | 仰天长啸 · first_market_sell 100 food |
| 19:00 | 江苏皇帝 · wall_segment Palisade Wall x15 |
| 19:02 | cas5530 · wall_segment Palisade Wall x14 |
| 19:53 | CanoDancer22 · first_building Archery Range |
| 20:14 | cas5530 · wall_segment Palisade Wall x10 |
| 20:34 | cas5530 · wall_segment Palisade Wall x8 |
| 20:37 | 江苏皇帝 · age_up castle |
| 20:41 | cyborg · age_up castle |
| 21:14 | 仰天长啸 · age_up castle |
| 21:35 | cas5530 · wall_segment Palisade Wall x6 |
| 21:44 | cas5530 · wall_segment Palisade Wall x15 |
| 21:48 | photphet · age_up castle |
| 21:56 | cas5530 · wall_segment Palisade Wall x19 |
| 23:01 | xX DTI Xx pasa · age_up castle |
| 24:29 | 江苏皇帝 · first_building Monastery |
| 24:45 | 江苏皇帝 · first_building Castle |
| 24:48 | CanoDancer22 · age_up castle |
| 25:12 | CanoDancer22 · first_market_sell 100 food |
| 25:15 | CanoDancer22 · first_market_buy 100 wood |
| 25:55 | 小武 · first_market_buy 100 food |
| 25:58 | 小武 · first_market_sell 100 wood |
| 26:15 | photphet · resign |
[ ANÁLISIS IA · 1 CRÉDITO ]
¿Qué pasó realmente en esta partida?
Wolo.gg analiza cada decisión: build order, eco, micro, errores típicos por bracket. Análisis personalizado por WhatsApp o Discord en 30 segundos.
Guía civ
Cumanos
Guía mapa
Arabia
Perfil
Jugador #21153071